Knights vs Sasquatch
Created - November 1, 2017 at 23:23
Goals
|
| Knights |
0 |
1 |
2 |
3 |
| Sasquatch |
4 |
3 |
1 |
8 |
|
Shots
|
| Knights |
7 |
8 |
3 |
18 |
| Sasquatch |
18 |
15 |
11 |
44 |
|
1st period
1. Sasquatch , Jason Zucker 2 (Drew Shore 8, Ryan Strome 2) at 0:33
2. Sasquatch , Danny DeKeiser 1 (Drew Shore 9, Jason Zucker 2) at 2:45
3. Sasquatch , Drew Shore 6 (Jason Zucker 3, Nick Leddy 8) at 5:59
4. Sasquatch , Stephane Da Costa 5 (Filip Forsberg 6) at 14:34
Penalties :
Collin Miller (Lon) for Hooking (Minor) at 7:42, Slava Voynov (Gat) for Hooking (Minor) at 11:58
2nd period
5. Sasquatch , Drew Shore 7 (Garnet Hathaway 2, Yann Sauvé 1) at 0:23 (SH)
6. Knights , Ondrej Palat 4 (Michael Raffl 5, Nikita Nikitin 1) at 1:02 (PP)
7. Sasquatch , Nick Leddy 1 (Stephane Da Costa 5, Filip Forsberg 7) at 3:51
8. Sasquatch , Stephane Da Costa 6 (Jason Zucker 4, Nick Leddy 9) at 18:51 (PP)
Penalties :
Stephane Da Costa (Gat) for Holding (Minor) at 0:03, Jason Akeson (Gat) for Cross-checking (Minor) at 9:49, Collin Miller (Lon) for Holding (Minor) at 18:19
3rd period
9. Knights , Jimmy Hayes 5 (Ondrej Palat 6, Jaccob Slavin 3) at 1:53
10. Knights , Ondrej Palat 5 (Joe Colborne 5, Zach Trotman 5) at 9:14
11. Sasquatch , Garnet Hathaway 3 (Brock Trotter 3, Jonathan Blum 4) at 14:06
Penalties :
Brock Trotter (Gat) for Holding (Minor) at 2:21, Garnet Hathaway (Gat) for Tripping (Minor) at 11:44, Filip Forsberg (Gat) for Fighting (Major) at 14:15, Jared Spurgeon (Lon) for Fighting (Major) at 14:15, Filip Forsberg (Gat) for instigated a fight (Minor) at 14:15, Filip Forsberg (Gat) for instigated a fight (10 Minutes Misconduct) at 14:15
Goalie Stats
Ben Scrivens (Lon), 11 saves from 15 shots - (0.733), L, 5-3-0, 14:34 minutes
Magnus Hellberg (Lon), 25 saves from 29 shots - (0.862), 45:26 minutes
Corey Crawford (Gat), 15 saves from 18 shots - (0.833), W, 3-4-0, 60:00 minutes
Players Stats for Knights
Player Name G A P +/- PIM S H SB GA TA FO MP PP MP PK MP
------------------------------------------------------------------------------------
Brett Connolly 0 0 0 -2 0 0 1 0 0 0 0/0 11:10 0:00 0:00
Cody Bass 0 0 0 -2 0 2 0 1 0 1 0/5 10:36 0:00 0:00
Collin Miller 0 0 0 -1 4 0 1 1 0 1 0/0 16:00 3:46 0:00
Jaccob Slavin 0 1 1 -1 0 1 1 1 0 0 0/0 17:03 0:50 0:52
Jacob Trouba 0 0 0 -3 0 1 2 1 0 1 0/0 26:37 7:16 0:52
Jared Spurgeon 0 0 0 -1 5 1 1 5 0 2 0/0 22:54 2:48 1:39
Jimmy Hayes 1 0 1 1 0 1 0 0 1 0 1/3 19:45 3:50 0:36
Joe Colborne 0 1 1 1 0 0 2 0 0 0 7/19 20:42 2:53 1:29
Jordan Martinook 0 0 0 -2 0 1 1 0 0 0 0/0 10:36 0:00 0:00
Kevin Hayes 0 0 0 -1 0 1 2 0 1 0 0/0 5:31 1:12 0:00
Linden Vey 0 0 0 -2 0 2 0 0 1 0 0/0 11:40 1:01 0:00
Michael Raffl 0 1 1 -2 0 3 1 0 1 0 1/1 19:54 6:16 1:29
Nikita Nikitin 0 1 1 -3 0 0 0 2 0 0 0/0 18:37 6:53 0:00
Ondrej Palat 2 1 3 0 0 3 1 1 2 1 2/3 22:21 6:37 0:26
Ronalds Kenins 0 0 0 -2 0 1 4 0 0 0 0/0 9:55 0:19 0:36
Ryan Nugent-Hopkins 0 0 0 -2 0 1 4 0 0 0 4/7 17:10 3:50 0:26
Zach Trotman 0 1 1 -1 0 0 0 0 0 2 0/0 18:05 0:15 1:39
Zack Hamill 0 0 0 -2 0 0 1 0 0 0 9/19 18:50 6:44 0:00
Players Stats for Sasquatch
Player Name G A P +/- PIM S H SB GA TA FO MP PP MP PK MP
------------------------------------------------------------------------------------
Brock Trotter 0 1 1 1 2 2 2 0 1 0 0/0 11:38 0:00 2:01
Danny DeKeiser 1 0 1 3 0 2 1 1 0 1 0/0 20:53 1:02 7:15
Drew Shore 2 2 4 3 0 3 3 2 0 1 11/18 19:44 1:31 6:08
Filip Forsberg 0 2 2 2 17 6 0 0 2 0 1/2 19:20 1:31 2:06
Garnet Hathaway 1 1 2 2 2 1 2 0 0 0 0/0 13:45 0:00 4:47
Greg Pateryn 0 0 0 0 0 2 0 3 0 0 0/0 16:14 0:00 3:39
Jason Akeson 0 0 0 2 2 2 2 0 0 0 0/1 18:25 1:31 0:00
Jason Zucker 1 3 4 1 0 3 3 1 2 0 0/0 13:30 1:00 0:41
Jonathan Blum 0 1 1 4 0 5 2 1 1 0 0/0 21:03 1:02 3:39
Nick Leddy 1 2 3 2 0 3 4 1 0 0 0/0 22:53 1:29 0:00
Rickard Rakell 0 0 0 0 0 0 2 0 0 1 3/4 9:42 0:00 0:41
Ryan Strome 0 1 1 1 0 2 0 0 0 0 1/1 12:49 1:00 0:00
Sergey Kalinin 0 0 0 0 0 1 3 0 1 1 1/1 11:34 0:00 2:42
Slava Voynov 0 0 0 0 2 1 0 0 1 0 0/0 12:47 0:00 0:00
Stephane Da Costa 2 1 3 2 2 7 5 1 0 1 16/30 18:01 1:00 0:00
Teemu Hartikainen 0 0 0 0 0 2 2 0 0 0 0/0 11:43 0:00 2:42
Tyler Randell 0 0 0 0 0 0 0 0 0 0 0/0 8:28 0:00 0:00
Yann Sauvé 0 1 1 1 0 2 2 1 0 1 0/0 26:31 1:29 7:15
3 Stars
1 - Drew Shore (Gat)
2 - Stephane Da Costa (Gat)
3 - Jason Zucker (Gat)
Power Play
Knights - 1 on 6 Attempt(s) - 16.67%
Sasquatch - 1 on 2 Attempt(s) - 50.00%
Penalty Kill
Knights - 1 on 2 Attempt(s) - 50.00%
- Score 0 goal in Penalty Kill
Sasquatch - 5 on 6 Attempt(s) - 83.33%
- Score 1 goal in Penalty Kill
Team Stat
Knights - Hits : 22 - Faceoff Wins : 24 - Blocked Shots : 12 - Penalty Minutes : 9
Sasquatch - Hits : 33 - Faceoff Wins : 33 - Blocked Shots : 11 - Penalty Minutes : 27
Official
Referees : Kimmerly Greg and Morton Dean
Linesman : Darren Gibbs and Vaughan Rody
Game Notes
Magnus Hellberg enters game at 14:34 of 1st period
Kevin Hayes is injured at 0:09 of 2nd period (Torso)
Filip Forsberg beats up Jared Spurgeon at 14:15 of 3rd period
Finance
Level 1 -- Attendance: 1425 (71.25%) -- Ticket Income $57,000
Level 2 -- Attendance: 666 (66.60%) -- Ticket Income $13,320
Total Attendance: 2091 (69.70%)
Total Ticket Income: $70,320
Other Income: $3,516
Total Income: $73,836
Knights
5 vs 5 Forward
Center Left Wing Right Wing Time % Phy DF OF
1 Joe Colborne Ondrej Palat Jimmy Hayes 40 1 2 2
2 Zack Hamill Michael Raffl Kevin Hayes 30 1 2 2
3 Ryan Nugent-Hopkins Ronalds Kenins Linden Vey 20 1 2 2
4 Cody Bass Jordan Martinook Brett Connolly 10 1 2 2
5 vs 5 Defense
Defense Defense Time % Phy DF OF
1 Jared Spurgeon Jacob Trouba 40 1 2 2
2 Zach Trotman Jaccob Slavin 30 1 2 2
3 Collin Miller Nikita Nikitin 20 1 2 2
4 Jared Spurgeon Jacob Trouba 10 1 2 2
PowerPlay Forward
Center Left Wing Right Wing Time % Phy DF OF
1 Zack Hamill Ondrej Palat Kevin Hayes 60 0 0 5
2 Ryan Nugent-Hopkins Michael Raffl Jimmy Hayes 40 0 0 5
PowerPlay Defense
Defense Defense Time % Phy DF OF
1 Nikita Nikitin Jacob Trouba 60 0 1 4
2 Collin Miller Jared Spurgeon 40 0 1 4
Penalty Kill 4 Players Forward
Center Wing Time % Phy DF OF
1 Joe Colborne Michael Raffl 60 1 3 1
2 Jimmy Hayes Ronalds Kenins 40 1 3 1
Penalty Kill 4 Players Defense
Defense Defense Time % Phy DF OF
1 Jared Spurgeon Zach Trotman 60 1 4 0
2 Jacob Trouba Jaccob Slavin 40 1 4 0
Penalty Kill - 3 Players Forward
Forward Time % Phy DF OF
1 Joe Colborne 60 0 4 1
2 Jimmy Hayes 40 0 4 1
Penalty Kill - 3 Players Defense
Defense Defense Time % Phy DF OF
1 Jared Spurgeon Zach Trotman 60 0 5 0
2 Jacob Trouba Jaccob Slavin 40 0 5 0
4 vs 4 Forward
Center Wing Time % Phy DF OF
1 Ryan Nugent-Hopkins Ondrej Palat 60 1 2 2
2 Zack Hamill Kevin Hayes 40 1 2 2
4 vs 4 Defense
Defense Defense Time % Phy DF OF
1 Jared Spurgeon Zach Trotman 60 1 2 2
2 Jaccob Slavin Jacob Trouba 40 1 2 2
Last Minutes Offensive
Center Left Wing Right Wing Defense Defense
Zack Hamill Ondrej Palat Kevin Hayes Jared Spurgeon Jaccob Slavin
Last Minutes Defensive
Center Left Wing Right Wing Defense Defense
Joe Colborne Zack Hamill Kevin Hayes Jared Spurgeon Zach Trotman
Goaltenders
Starting : Ben Scrivens
Backup : Magnus Hellberg
Extra Forwards
Normal : Ryan Nugent-Hopkins, Michael Raffl, Joe Colborne - PP : Michael Raffl, Joe Colborne - PK : Michael Raffl
Extra Defensemen
Normal : Zach Trotman, Jacob Trouba, Jared Spurgeon - PP : Jared Spurgeon - PK : Zach Trotman, Jared Spurgeon
Penalty Shots
Ryan Nugent-Hopkins, Joe Colborne, Zack Hamill, Michael Raffl, Jimmy Hayes
Scratches
Brendan Gaunce (Healthy), Carter Ashton (Healthy), Alan Quine (Healthy), Jordan Weal (Healthy), Michael Matheson (Broken Left Index Finger Injury)
Matt Puempel (Healthy), David Shields (Healthy), Matthew Benning (Healthy), Matt Grzelcyk (Healthy), Kevin Hayes (Torso Injury)
Travis Boyd (Healthy), Scott Jackson (Healthy), Tom Wilson (Healthy), A.J. Jenks (Healthy), Connor Knapp (Healthy)
Sasquatch
5 vs 5 Forward
Center Left Wing Right Wing Time % Phy DF OF
1 Stephane Da Costa Filip Forsberg Jason Akeson 40 1 2 2
2 Drew Shore Jason Zucker Ryan Strome 30 1 2 2
3 Rickard Rakell Brock Trotter Garnet Hathaway 20 1 2 2
4 Sergey Kalinin Teemu Hartikainen Tyler Randell 10 1 2 2
5 vs 5 Defense
Defense Defense Time % Phy DF OF
1 Yann Sauvé Nick Leddy 40 1 2 2
2 Danny DeKeiser Jonathan Blum 30 1 2 2
3 Greg Pateryn Slava Voynov 20 1 2 2
4 Jonathan Blum Nick Leddy 10 1 2 2
PowerPlay Forward
Center Left Wing Right Wing Time % Phy DF OF
1 Drew Shore Filip Forsberg Jason Akeson 60 1 2 2
2 Stephane Da Costa Jason Zucker Ryan Strome 40 1 2 2
PowerPlay Defense
Defense Defense Time % Phy DF OF
1 Nick Leddy Yann Sauvé 60 1 2 2
2 Danny DeKeiser Jonathan Blum 40 1 2 2
Penalty Kill 4 Players Forward
Center Wing Time % Phy DF OF
1 Drew Shore Garnet Hathaway 60 1 2 2
2 Sergey Kalinin Teemu Hartikainen 40 1 2 2
Penalty Kill 4 Players Defense
Defense Defense Time % Phy DF OF
1 Yann Sauvé Danny DeKeiser 60 1 2 2
2 Greg Pateryn Jonathan Blum 40 1 2 2
Penalty Kill - 3 Players Forward
Forward Time % Phy DF OF
1 Drew Shore 60 1 2 2
2 Rickard Rakell 40 1 2 2
Penalty Kill - 3 Players Defense
Defense Defense Time % Phy DF OF
1 Danny DeKeiser Yann Sauvé 60 1 2 2
2 Jonathan Blum Greg Pateryn 40 1 2 2
4 vs 4 Forward
Center Wing Time % Phy DF OF
1 Drew Shore Filip Forsberg 60 1 2 2
2 Stephane Da Costa Jason Akeson 40 1 2 2
4 vs 4 Defense
Defense Defense Time % Phy DF OF
1 Danny DeKeiser Yann Sauvé 60 1 2 2
2 Nick Leddy Jonathan Blum 40 1 2 2
Last Minutes Offensive
Center Left Wing Right Wing Defense Defense
Stephane Da Costa Filip Forsberg Garnet Hathaway Nick Leddy Jonathan Blum
Last Minutes Defensive
Center Left Wing Right Wing Defense Defense
Drew Shore Teemu Hartikainen Garnet Hathaway Yann Sauvé Danny DeKeiser
Goaltenders
Starting : Corey Crawford
Backup : Joonas Korpisalo
Extra Forwards
Normal : Rickard Rakell, Teemu Hartikainen, Stephane Da Costa - PP : Jason Zucker, Rickard Rakell - PK : Filip Forsberg
Extra Defensemen
Normal : Jonathan Blum, Slava Voynov, Yann Sauvé - PP : Yann Sauvé - PK : Slava Voynov, Greg Pateryn
Penalty Shots
Ryan Strome, Tyler Randell, Jason Zucker, Nick Leddy, Filip Forsberg
Scratches
Andy Andreoff (Healthy), T.J. Tynan (Healthy), Michal Jordan (Abdomen/Ribs Injury), Joey Laleggia (Healthy), Jack Campbell (Healthy)
% Time on Ice - Knights
Lines # - Real PCT - Wanted PCT - Time Play
Normal Forward
1 - 32% - 40% - 15:07
2 - 26% - 30% - 12:07
3 - 19% - 20% - 8:45
4 - 23% - 10% - 10:36
Normal Defense
1 - 42% - 40% - 19:25
2 - 34% - 30% - 15:57
3 - 22% - 20% - 10:16
4 - 2% - 10% - 0:57
PP Forward
1 - 65% - 60% - 7:04
2 - 35% - 40% - 3:50
PP Defense
1 - 63% - 60% - 6:53
2 - 37% - 40% - 4:01
PK Forward
1 - 76% - 60% - 1:55
2 - 24% - 40% - 0:36
PK Defense
1 - 66% - 60% - 1:39
2 - 34% - 40% - 0:52
PK3 Forward
1 - 0% - 60%
2 - 0% - 40%
PK3 Defense
1 - 0% - 60%
2 - 0% - 40%
44 Forward
1 - 0% - 60%
2 - 0% - 40%
44 Defense
1 - 0% - 60%
2 - 0% - 40%
Last Minute Offensive - 0:00
Last Minute Defensive - 0:00
Total
Forward - 60:00
Defense - 60:00
|
% Time on Ice - Sasquatch
Lines # - Real PCT - Wanted PCT - Time Play
Normal Forward
1 - 37% - 40% - 17:18
2 - 27% - 30% - 12:38
3 - 18% - 20% - 8:36
4 - 17% - 10% - 8:03
Normal Defense
1 - 38% - 40% - 17:47
2 - 26% - 30% - 12:06
3 - 27% - 20% - 12:26
4 - 9% - 10% - 4:16
PP Forward
1 - 60% - 60% - 1:31
2 - 40% - 40% - 1:00
PP Defense
1 - 59% - 60% - 1:29
2 - 41% - 40% - 1:02
PK Forward
1 - 75% - 60% - 8:12
2 - 25% - 40% - 2:42
PK Defense
1 - 67% - 60% - 7:15
2 - 33% - 40% - 3:39
PK3 Forward
1 - 0% - 60%
2 - 0% - 40%
PK3 Defense
1 - 0% - 60%
2 - 0% - 40%
44 Forward
1 - 0% - 60%
2 - 0% - 40%
44 Defense
1 - 0% - 60%
2 - 0% - 40%
Last Minute Offensive - 0:00
Last Minute Defensive - 0:00
Total
Forward - 60:00
Defense - 60:00
|
Play by Play
1st period
0:01 of 1st period - Joe Colborne wins face-off versus Stephane Da Costa in neutral zone.
0:13 of 1st period - Joe Colborne is hit by Stephane Da Costa and loses puck.
0:26 of 1st period - Kevin Hayes is hit by Drew Shore and loses puck.
0:33 of 1st period - Slapshot by Jason Zucker.
0:33 of 1st period - Goal by Jason Zucker - Knights : 0 - Sasquatch : 1.
0:34 of 1st period - Ryan Nugent-Hopkins wins face-off versus Rickard Rakell in neutral zone.
0:37 of 1st period - Slapshot by Ronalds Kenins.
0:37 of 1st period - Stopped by Corey Crawford without a rebound.
0:38 of 1st period - Rickard Rakell wins face-off versus Ryan Nugent-Hopkins in Sasquatch zone.
0:43 of 1st period - Snap shot by Slava Voynov.
0:43 of 1st period - Stopped by Ben Scrivens with a rebound.
1:05 of 1st period - Jaccob Slavin is hit by Jason Zucker and loses puck.
1:30 of 1st period - Jonathan Blum is hit by Kevin Hayes and loses puck.
2:13 of 1st period - Slapshot by Jason Zucker.
2:13 of 1st period - Stopped by Ben Scrivens without a rebound.
2:14 of 1st period - Drew Shore wins face-off versus Ryan Nugent-Hopkins in Knights zone.
2:27 of 1st period - Wrist shot by Drew Shore.
2:27 of 1st period - Shot Misses the Net.
2:29 of 1st period - Snap shot by Yann Sauvé.
2:29 of 1st period - Stopped by Ben Scrivens with a rebound.
2:31 of 1st period - Slapshot by Nick Leddy.
2:31 of 1st period - Shot Blocked by Nikita Nikitin.
2:33 of 1st period - Snap shot by Ryan Strome.
2:33 of 1st period - Shot Misses the Net.
2:35 of 1st period - Snap shot by Ryan Strome.
2:35 of 1st period - Shot Misses the Net.
2:39 of 1st period - Slapshot by Jason Zucker.
2:39 of 1st period - Stopped by Ben Scrivens with a rebound.
2:41 of 1st period - Slapshot by Drew Shore.
2:41 of 1st period - Shot Misses the Net.
2:43 of 1st period - Slapshot by Danny DeKeiser.
2:43 of 1st period - Shot Blocked by Collin Miller.
2:45 of 1st period - Slapshot by Danny DeKeiser.
2:45 of 1st period - Goal by Danny DeKeiser - Knights : 0 - Sasquatch : 2.
2:46 of 1st period - Michael Raffl wins face-off versus Stephane Da Costa in neutral zone.
2:51 of 1st period - Wrist shot by Kevin Hayes.
2:51 of 1st period - Stopped by Corey Crawford with a rebound.
2:55 of 1st period - Snap shot by Zack Hamill.
2:55 of 1st period - Shot Blocked by Jonathan Blum.
2:57 of 1st period - Slapshot by Kevin Hayes.
2:57 of 1st period - Shot Misses the Net.
3:38 of 1st period - Icing by Cody Bass.
3:39 of 1st period - Rickard Rakell wins face-off versus Cody Bass in Knights zone.
3:51 of 1st period - Off-side.
3:52 of 1st period - Joe Colborne wins face-off versus Stephane Da Costa in neutral zone.
4:17 of 1st period - Joe Colborne is hit by Garnet Hathaway and loses puck.
4:28 of 1st period - Snap shot by Brock Trotter.
4:28 of 1st period - Shot Blocked by Jared Spurgeon.
4:59 of 1st period - Wrist shot by Sergey Kalinin.
4:59 of 1st period - Shot Misses the Net.
5:18 of 1st period - Off-side.
5:19 of 1st period - Stephane Da Costa wins face-off versus Zack Hamill in neutral zone.
5:22 of 1st period - Slapshot by Filip Forsberg.
5:22 of 1st period - Stopped by Ben Scrivens without a rebound.
5:23 of 1st period - Zack Hamill wins face-off versus Stephane Da Costa in Knights zone.
5:23 of 1st period - Zack Hamill is hit by Stephane Da Costa.
5:33 of 1st period - Slapshot by Stephane Da Costa.
5:33 of 1st period - Shot Blocked by Jaccob Slavin.
5:35 of 1st period - Slapshot by Nick Leddy.
5:35 of 1st period - Shot Misses the Net.
5:59 of 1st period - Wrist shot by Drew Shore.
5:59 of 1st period - Goal by Drew Shore - Knights : 0 - Sasquatch : 3.
6:00 of 1st period - Stephane Da Costa wins face-off versus Zack Hamill in neutral zone.
6:11 of 1st period - Snap shot by Michael Raffl.
6:11 of 1st period - Stopped by Corey Crawford without a rebound.
6:12 of 1st period - Zack Hamill wins face-off versus Stephane Da Costa in Sasquatch zone.
6:44 of 1st period - Snap shot by Jason Zucker.
6:44 of 1st period - Shot Misses the Net.
6:56 of 1st period - Slapshot by Brock Trotter.
6:56 of 1st period - Stopped by Ben Scrivens without a rebound.
6:57 of 1st period - Rickard Rakell wins face-off versus Ryan Nugent-Hopkins in Knights zone.
7:34 of 1st period - Snap shot by Jason Akeson.
7:34 of 1st period - Shot Misses the Net.
7:42 of 1st period - Minor Penalty to Collin Miller for Hooking.
7:43 of 1st period - Joe Colborne wins face-off versus Drew Shore in Knights zone.
9:05 of 1st period - Jonathan Blum is hit by Ronalds Kenins and loses puck.
9:18 of 1st period - Danny DeKeiser is hit by Jacob Trouba and loses puck.
9:42 of 1st period - Penalty to Collin Miller is over, Collin Miller is back on ice.
9:55 of 1st period - Cody Bass is hit by Rickard Rakell and loses puck.
10:14 of 1st period - Greg Pateryn is hit by Ronalds Kenins and loses puck.
10:21 of 1st period - Snap shot by Ryan Nugent-Hopkins.
10:21 of 1st period - Shot Blocked by Greg Pateryn.
10:48 of 1st period - Zach Trotman is hit by Sergey Kalinin and loses puck.
10:55 of 1st period - Michael Raffl is hit by Nick Leddy and loses puck.
11:14 of 1st period - Snap shot by Nick Leddy.
11:14 of 1st period - Stopped by Ben Scrivens with a rebound.
11:16 of 1st period - Wrist shot by Jonathan Blum.
11:16 of 1st period - Deflect By Zack Hamill.
11:16 of 1st period - Stopped by Ben Scrivens with a rebound.
11:18 of 1st period - Slapshot by Greg Pateryn.
11:18 of 1st period - Stopped by Ben Scrivens with a rebound.
11:20 of 1st period - Snap shot by Teemu Hartikainen.
11:20 of 1st period - Stopped by Ben Scrivens without a rebound.
11:21 of 1st period - Stephane Da Costa wins face-off versus Joe Colborne in Knights zone.
11:24 of 1st period - Snap shot by Stephane Da Costa.
11:24 of 1st period - Shot Misses the Net.
11:26 of 1st period - Snap shot by Danny DeKeiser.
11:26 of 1st period - Deflect By Jimmy Hayes.
11:26 of 1st period - Stopped by Ben Scrivens without a rebound.
11:27 of 1st period - Stephane Da Costa wins face-off versus Joe Colborne in Knights zone.
11:42 of 1st period - Collin Miller is hit by Stephane Da Costa and loses puck.
11:58 of 1st period - Minor Penalty to Slava Voynov for Hooking.
11:59 of 1st period - Drew Shore wins face-off versus Zack Hamill in Sasquatch zone.
11:59 of 1st period - Drew Shore is hit by Kevin Hayes.
13:58 of 1st period - Penalty to Slava Voynov is over, Slava Voynov is back on ice.
14:12 of 1st period - Danny DeKeiser is hit by Brett Connolly and loses puck.
14:17 of 1st period - Backhand shot by Cody Bass.
14:17 of 1st period - Stopped by Corey Crawford with a rebound.
14:19 of 1st period - Wrist shot by Jordan Martinook.
14:19 of 1st period - Deflect By Danny DeKeiser.
14:19 of 1st period - Shot Misses the Net.
14:19 of 1st period - Puck is out of play.
14:20 of 1st period - Stephane Da Costa wins face-off versus Cody Bass in Sasquatch zone.
14:34 of 1st period - Wrist shot by Stephane Da Costa.
14:34 of 1st period - Goal by Stephane Da Costa - Knights : 0 - Sasquatch : 4.
14:34 of 1st period - Magnus Hellberg enters game.
14:35 of 1st period - Stephane Da Costa wins face-off versus Joe Colborne in neutral zone.
14:46 of 1st period - Nick Leddy is hit by Joe Colborne and loses puck.
15:05 of 1st period - Slapshot by Zack Hamill.
15:05 of 1st period - Shot Blocked by Jason Zucker.
15:22 of 1st period - Drew Shore is hit by Jordan Martinook and loses puck.
15:47 of 1st period - Slapshot by Jonathan Blum.
15:47 of 1st period - Shot Blocked by Nikita Nikitin.
15:49 of 1st period - Slapshot by Jonathan Blum.
15:49 of 1st period - Stopped by Magnus Hellberg without a rebound.
15:50 of 1st period - Stephane Da Costa wins face-off versus Joe Colborne in Knights zone.
16:58 of 1st period - Zach Trotman is hit by Stephane Da Costa and loses puck.
17:25 of 1st period - Zach Trotman is hit by Jason Zucker and loses puck.
17:55 of 1st period - Off-side.
17:56 of 1st period - Zack Hamill wins face-off versus Stephane Da Costa in neutral zone.
17:59 of 1st period - Snap shot by Michael Raffl.
17:59 of 1st period - Shot Misses the Net.
18:09 of 1st period - Slapshot by Stephane Da Costa.
18:09 of 1st period - Stopped by Magnus Hellberg with a rebound.
18:11 of 1st period - Snap shot by Stephane Da Costa.
18:11 of 1st period - Stopped by Magnus Hellberg with a rebound.
18:27 of 1st period - Wrist shot by Ryan Strome.
18:27 of 1st period - Shot Misses the Net.
18:43 of 1st period - Snap shot by Linden Vey.
18:43 of 1st period - Stopped by Corey Crawford with a rebound.
18:45 of 1st period - Wrist shot by Jared Spurgeon.
18:45 of 1st period - Shot Blocked by Greg Pateryn.
18:47 of 1st period - Snap shot by Linden Vey.
18:47 of 1st period - Shot Misses the Net.
18:49 of 1st period - Slapshot by Jared Spurgeon.
18:49 of 1st period - Deflect By Linden Vey.
18:49 of 1st period - Stopped by Corey Crawford without a rebound.
18:50 of 1st period - Stephane Da Costa wins face-off versus Joe Colborne in Sasquatch zone.
19:35 of 1st period - Danny DeKeiser is hit by Ronalds Kenins and loses puck.
19:42 of 1st period - Slapshot by Jonathan Blum.
19:42 of 1st period - Deflect By Brock Trotter.
19:42 of 1st period - Shot Blocked by Jared Spurgeon.
19:42 of 1st period - Puck is out of play.
19:43 of 1st period - Ondrej Palat wins face-off versus Stephane Da Costa in Knights zone.
19:56 of 1st period - Snap shot by Ondrej Palat.
19:56 of 1st period - Stopped by Corey Crawford with a rebound.
19:58 of 1st period - Slapshot by Zach Trotman.
19:58 of 1st period - Shot Misses the Net.
Goals for this period are 0 for Knights vs 4 for Sasquatch.
Shots for this period are 7 for Knights vs 18 for Sasquatch.
2nd period
0:01 of 2nd period - Stephane Da Costa wins face-off versus Joe Colborne in neutral zone.
0:03 of 2nd period - Minor Penalty to Stephane Da Costa for Holding.
0:04 of 2nd period - Zack Hamill wins face-off versus Drew Shore in Sasquatch zone.
0:08 of 2nd period - Kevin Hayes is hit by Drew Shore and loses puck.
0:09 of 2nd period - Kevin Hayes from Knights is injured at 0:09 of 2nd period (Torso).
0:10 of 2nd period - Drew Shore wins face-off versus Zack Hamill in Knights zone.
0:23 of 2nd period - Slapshot by Drew Shore.
0:23 of 2nd period - Goal by Drew Shore - Knights : 0 - Sasquatch : 5.
0:24 of 2nd period - Drew Shore wins face-off versus Zack Hamill in neutral zone.
0:58 of 2nd period - Wrist shot by Ondrej Palat.
0:58 of 2nd period - Shot Blocked by Danny DeKeiser.
1:00 of 2nd period - Wrist shot by Michael Raffl.
1:00 of 2nd period - Stopped by Corey Crawford with a rebound.
1:02 of 2nd period - Slapshot by Ondrej Palat.
1:02 of 2nd period - Goal by Ondrej Palat - Knights : 1 - Sasquatch : 5.
1:03 of 2nd period - Ryan Nugent-Hopkins wins face-off versus Jason Akeson in neutral zone.
1:12 of 2nd period - Filip Forsberg is hit by Ryan Nugent-Hopkins and loses puck.
2:12 of 2nd period - Snap shot by Teemu Hartikainen.
2:12 of 2nd period - Stopped by Magnus Hellberg without a rebound.
2:13 of 2nd period - Joe Colborne wins face-off versus Stephane Da Costa in Knights zone.
2:22 of 2nd period - Slapshot by Zach Trotman.
2:22 of 2nd period - Deflect By Ondrej Palat.
2:22 of 2nd period - Shot Blocked by Stephane Da Costa.
2:22 of 2nd period - Puck is out of play.
2:23 of 2nd period - Stephane Da Costa wins face-off versus Jimmy Hayes in Sasquatch zone.
2:30 of 2nd period - Filip Forsberg is hit by Jaccob Slavin and loses puck.
2:49 of 2nd period - Wrist shot by Jason Akeson.
2:49 of 2nd period - Stopped by Magnus Hellberg with a rebound.
2:51 of 2nd period - Wrist shot by Stephane Da Costa.
2:51 of 2nd period - Stopped by Magnus Hellberg with a rebound.
2:53 of 2nd period - Slapshot by Yann Sauvé.
2:53 of 2nd period - Deflect By Filip Forsberg.
2:53 of 2nd period - Stopped by Magnus Hellberg with a rebound.
2:55 of 2nd period - Snap shot by Filip Forsberg.
2:55 of 2nd period - Stopped by Magnus Hellberg with a rebound.
2:57 of 2nd period - Wrist shot by Jason Akeson.
2:57 of 2nd period - Shot Misses the Net.
2:59 of 2nd period - Snap shot by Filip Forsberg.
2:59 of 2nd period - Stopped by Magnus Hellberg with a rebound.
3:13 of 2nd period - Snap shot by Jason Akeson.
3:13 of 2nd period - Shot Misses the Net.
3:15 of 2nd period - Slapshot by Nick Leddy.
3:15 of 2nd period - Stopped by Magnus Hellberg with a rebound.
3:17 of 2nd period - Wrist shot by Jason Akeson.
3:17 of 2nd period - Shot Misses the Net.
3:49 of 2nd period - Snap shot by Stephane Da Costa.
3:49 of 2nd period - Stopped by Magnus Hellberg with a rebound.
3:51 of 2nd period - Slapshot by Nick Leddy.
3:51 of 2nd period - Goal by Nick Leddy - Knights : 1 - Sasquatch : 6.
3:52 of 2nd period - Drew Shore wins face-off versus Zack Hamill in neutral zone.
4:03 of 2nd period - Snap shot by Ryan Strome.
4:03 of 2nd period - Stopped by Magnus Hellberg with a rebound.
5:41 of 2nd period - Michael Raffl is hit by Sergey Kalinin and loses puck.
6:11 of 2nd period - Danny DeKeiser is hit by Ondrej Palat and loses puck.
6:41 of 2nd period - Zack Hamill is hit by Brock Trotter and loses puck.
7:42 of 2nd period - Linden Vey is hit by Teemu Hartikainen and loses puck.
9:26 of 2nd period - Zach Trotman is hit by Jason Zucker and loses puck.
9:49 of 2nd period - Minor Penalty to Jason Akeson for Cross-checking.
9:50 of 2nd period - Zack Hamill wins face-off versus Drew Shore in Sasquatch zone.
10:59 of 2nd period - Icing by Collin Miller.
11:00 of 2nd period - Ryan Nugent-Hopkins wins face-off versus Filip Forsberg in Knights zone.
11:00 of 2nd period - Ryan Nugent-Hopkins is hit by Danny DeKeiser.
11:48 of 2nd period - Icing by Joe Colborne.
11:49 of 2nd period - Penalty to Jason Akeson is over, Jason Akeson is back on ice.
11:49 of 2nd period - Zack Hamill wins face-off versus Stephane Da Costa in Knights zone.
12:06 of 2nd period - Slapshot by Ronalds Kenins.
12:06 of 2nd period - Deflect By Ryan Nugent-Hopkins.
12:06 of 2nd period - Stopped by Corey Crawford with a rebound.
12:08 of 2nd period - Slapshot by Jaccob Slavin.
12:08 of 2nd period - Stopped by Corey Crawford with a rebound.
12:22 of 2nd period - Cody Bass is hit by Jonathan Blum and loses puck.
14:14 of 2nd period - Slapshot by Brock Trotter.
14:14 of 2nd period - Shot Blocked by Jacob Trouba.
14:16 of 2nd period - Slapshot by Yann Sauvé.
14:16 of 2nd period - Stopped by Magnus Hellberg without a rebound.
14:17 of 2nd period - Ryan Nugent-Hopkins wins face-off versus Stephane Da Costa in Knights zone.
14:42 of 2nd period - Zack Hamill is hit by Jonathan Blum and loses puck.
15:07 of 2nd period - Wrist shot by Garnet Hathaway.
15:07 of 2nd period - Shot Blocked by Cody Bass.
15:09 of 2nd period - Slapshot by Jonathan Blum.
15:09 of 2nd period - Stopped by Magnus Hellberg with a rebound.
15:27 of 2nd period - Wrist shot by Sergey Kalinin.
15:27 of 2nd period - Shot Misses the Net.
15:29 of 2nd period - Slapshot by Sergey Kalinin.
15:29 of 2nd period - Stopped by Magnus Hellberg without a rebound.
15:30 of 2nd period - Stephane Da Costa wins face-off versus Zack Hamill in Knights zone.
15:45 of 2nd period - Snap shot by Michael Raffl.
15:45 of 2nd period - Stopped by Corey Crawford without a rebound.
15:46 of 2nd period - Ryan Strome wins face-off versus Joe Colborne in Sasquatch zone.
16:12 of 2nd period - Stephane Da Costa is hit by Ryan Nugent-Hopkins and loses puck.
16:38 of 2nd period - Cody Bass is hit by Garnet Hathaway and loses puck.
17:40 of 2nd period - Jason Akeson is hit by Ryan Nugent-Hopkins and loses puck.
17:57 of 2nd period - Wrist shot by Cody Bass.
17:57 of 2nd period - Deflect By Garnet Hathaway.
17:57 of 2nd period - Stopped by Corey Crawford without a rebound.
17:58 of 2nd period - Drew Shore wins face-off versus Cody Bass in Sasquatch zone.
18:19 of 2nd period - Minor Penalty to Collin Miller for Holding.
18:20 of 2nd period - Drew Shore wins face-off versus Joe Colborne in Knights zone.
18:29 of 2nd period - Snap shot by Drew Shore.
18:29 of 2nd period - Shot Blocked by Jared Spurgeon.
18:51 of 2nd period - Snap shot by Jason Zucker.
18:51 of 2nd period - Deflect By Stephane Da Costa.
18:51 of 2nd period - Goal by Stephane Da Costa - Knights : 1 - Sasquatch : 7.
18:52 of 2nd period - Stephane Da Costa wins face-off versus Joe Colborne in neutral zone.
18:54 of 2nd period - Off-side.
18:55 of 2nd period - Stephane Da Costa wins face-off versus Joe Colborne in neutral zone.
18:57 of 2nd period - Nick Leddy is hit by Jared Spurgeon.
19:43 of 2nd period - Slapshot by Jared Spurgeon.
19:43 of 2nd period - Stopped by Corey Crawford with a rebound.
19:45 of 2nd period - Slapshot by Jacob Trouba.
19:45 of 2nd period - Deflect By Jordan Martinook.
19:45 of 2nd period - Stopped by Corey Crawford without a rebound.
19:46 of 2nd period - Stephane Da Costa wins face-off versus Cody Bass in Sasquatch zone.
Goals for this period are 1 for Knights vs 3 for Sasquatch.
Shots for this period are 8 for Knights vs 15 for Sasquatch.
3rd period
0:01 of 3rd period - Stephane Da Costa wins face-off versus Jimmy Hayes in neutral zone.
0:10 of 3rd period - Snap shot by Stephane Da Costa.
0:10 of 3rd period - Deflect By Jacob Trouba.
0:10 of 3rd period - Shot Blocked by Jared Spurgeon.
0:10 of 3rd period - Puck is out of play.
0:11 of 3rd period - Joe Colborne wins face-off versus Stephane Da Costa in Knights zone.
0:21 of 3rd period - Slapshot by Stephane Da Costa.
0:21 of 3rd period - Stopped by Magnus Hellberg without a rebound.
0:22 of 3rd period - Stephane Da Costa wins face-off versus Joe Colborne in Knights zone.
0:47 of 3rd period - Jason Akeson is hit by Ryan Nugent-Hopkins and loses puck.
1:04 of 3rd period - Snap shot by Filip Forsberg.
1:04 of 3rd period - Stopped by Magnus Hellberg with a rebound.
1:43 of 3rd period - Snap shot by Greg Pateryn.
1:43 of 3rd period - Stopped by Magnus Hellberg without a rebound.
1:44 of 3rd period - Joe Colborne wins face-off versus Drew Shore in Knights zone.
1:53 of 3rd period - Slapshot by Jimmy Hayes.
1:53 of 3rd period - Goal by Jimmy Hayes - Knights : 2 - Sasquatch : 7.
1:54 of 3rd period - Drew Shore wins face-off versus Joe Colborne in neutral zone.
2:05 of 3rd period - Jimmy Hayes is hit by Yann Sauvé and loses puck.
2:21 of 3rd period - Minor Penalty to Brock Trotter for Holding.
2:22 of 3rd period - Ondrej Palat wins face-off versus Drew Shore in Sasquatch zone.
2:25 of 3rd period - Snap shot by Zack Hamill.
2:25 of 3rd period - Deflect By Michael Raffl.
2:25 of 3rd period - Shot Blocked by Yann Sauvé.
2:25 of 3rd period - Puck is out of play.
2:26 of 3rd period - Zack Hamill wins face-off versus Drew Shore in Sasquatch zone.
4:04 of 3rd period - Jimmy Hayes is hit by Drew Shore and loses puck.
4:21 of 3rd period - Penalty to Brock Trotter is over, Brock Trotter is back on ice.
5:02 of 3rd period - Icing by Zach Trotman.
5:03 of 3rd period - Sergey Kalinin wins face-off versus Cody Bass in Knights zone.
5:24 of 3rd period - Jaccob Slavin is hit by Yann Sauvé and loses puck.
6:25 of 3rd period - Snap shot by Tyler Randell.
6:25 of 3rd period - Shot Hit the Post.
6:27 of 3rd period - Slapshot by Yann Sauvé.
6:27 of 3rd period - Shot Blocked by Ondrej Palat.
6:29 of 3rd period - Snap shot by Teemu Hartikainen.
6:29 of 3rd period - Shot Misses the Net.
7:31 of 3rd period - Wrist shot by Filip Forsberg.
7:31 of 3rd period - Stopped by Magnus Hellberg with a rebound.
8:13 of 3rd period - Slapshot by Jonathan Blum.
8:13 of 3rd period - Stopped by Magnus Hellberg with a rebound.
8:15 of 3rd period - Wrist shot by Sergey Kalinin.
8:15 of 3rd period - Shot Blocked by Jared Spurgeon.
8:39 of 3rd period - Wrist shot by Jason Akeson.
8:39 of 3rd period - Stopped by Magnus Hellberg without a rebound.
8:40 of 3rd period - Zack Hamill wins face-off versus Stephane Da Costa in Knights zone.
8:40 of 3rd period - Zack Hamill is hit by Stephane Da Costa.
8:57 of 3rd period - Nick Leddy is hit by Zack Hamill and loses puck.
9:08 of 3rd period - Wrist shot by Ondrej Palat.
9:08 of 3rd period - Shot Blocked by Drew Shore.
9:12 of 3rd period - Slapshot by Ondrej Palat.
9:12 of 3rd period - Shot Misses the Net.
9:14 of 3rd period - Snap shot by Joe Colborne.
9:14 of 3rd period - Deflect By Ondrej Palat.
9:14 of 3rd period - Goal by Ondrej Palat - Knights : 3 - Sasquatch : 7.
9:15 of 3rd period - Joe Colborne wins face-off versus Stephane Da Costa in neutral zone.
9:20 of 3rd period - Ondrej Palat is hit by Nick Leddy and loses puck.
9:28 of 3rd period - Off-side.
9:29 of 3rd period - Drew Shore wins face-off versus Zack Hamill in neutral zone.
9:32 of 3rd period - Wrist shot by Drew Shore.
9:32 of 3rd period - Shot Misses the Net.
9:34 of 3rd period - Snap shot by Drew Shore.
9:34 of 3rd period - Stopped by Magnus Hellberg with a rebound.
9:36 of 3rd period - Snap shot by Jonathan Blum.
9:36 of 3rd period - Stopped by Magnus Hellberg with a rebound.
9:38 of 3rd period - Wrist shot by Ryan Strome.
9:38 of 3rd period - Deflect By Jacob Trouba.
9:38 of 3rd period - Stopped by Magnus Hellberg with a rebound.
9:56 of 3rd period - Jared Spurgeon is hit by Jason Akeson.
10:52 of 3rd period - Greg Pateryn is hit by Jacob Trouba and loses puck.
11:01 of 3rd period - Wrist shot by Michael Raffl.
11:01 of 3rd period - Shot Blocked by Greg Pateryn.
11:44 of 3rd period - Minor Penalty to Garnet Hathaway for Tripping.
11:45 of 3rd period - Zack Hamill wins face-off versus Drew Shore in Sasquatch zone.
11:53 of 3rd period - Snap shot by Ondrej Palat.
11:53 of 3rd period - Shot Blocked by Drew Shore.
11:55 of 3rd period - Wrist shot by Ondrej Palat.
11:55 of 3rd period - Shot Misses the Net.
11:57 of 3rd period - Slapshot by Jacob Trouba.
11:57 of 3rd period - Stopped by Corey Crawford without a rebound.
11:58 of 3rd period - Drew Shore wins face-off versus Zack Hamill in Sasquatch zone.
12:23 of 3rd period - Ryan Nugent-Hopkins is hit by Brock Trotter and loses puck.
13:08 of 3rd period - Icing by Zack Hamill.
13:09 of 3rd period - Filip Forsberg wins face-off versus Ondrej Palat in Knights zone.
13:44 of 3rd period - Penalty to Garnet Hathaway is over, Garnet Hathaway is back on ice.
13:59 of 3rd period - Jordan Martinook is hit by Nick Leddy and loses puck.
14:04 of 3rd period - Snap shot by Brock Trotter.
14:04 of 3rd period - Stopped by Magnus Hellberg with a rebound.
14:06 of 3rd period - Wrist shot by Garnet Hathaway.
14:06 of 3rd period - Goal by Garnet Hathaway - Knights : 3 - Sasquatch : 8.
14:07 of 3rd period - Jimmy Hayes wins face-off versus Stephane Da Costa in neutral zone.
14:14 of 3rd period - Snap shot by Ondrej Palat.
14:14 of 3rd period - Shot Blocked by Nick Leddy.
14:15 of 3rd period - Filip Forsberg beats up Jared Spurgeon.
14:15 of 3rd period - Penalty to Filip Forsberg for Fighting.
14:15 of 3rd period - Penalty to Jared Spurgeon for Fighting.
14:15 of 3rd period - Penalty to Filip Forsberg for instigated a fight.
14:15 of 3rd period - Penalty to Filip Forsberg for instigated a fight.
14:16 of 3rd period - Drew Shore wins face-off versus Zack Hamill in Sasquatch zone.
14:41 of 3rd period - Ryan Nugent-Hopkins is hit by Sergey Kalinin and loses puck.
15:02 of 3rd period - Greg Pateryn is hit by Joe Colborne and loses puck.
16:15 of 3rd period - Penalty to Filip Forsberg is over, Tyler Randell is send on ice.
16:47 of 3rd period - Ronalds Kenins is hit by Rickard Rakell and loses puck.
17:00 of 3rd period - Jason Zucker is hit by Michael Raffl and loses puck.
17:47 of 3rd period - Zack Hamill is hit by Jason Akeson and loses puck.
18:45 of 3rd period - Jimmy Hayes is hit by Teemu Hartikainen.
18:53 of 3rd period - Slava Voynov is hit by Collin Miller.
19:03 of 3rd period - Brett Connolly is hit by Nick Leddy and loses puck.
19:16 of 3rd period - Brock Trotter is hit by Ronalds Kenins and loses puck.
Goals for this period are 2 for Knights vs 1 for Sasquatch.
Shots for this period are 3 for Knights vs 11 for Sasquatch.
Back to the Top